 Dungeon Crawl Stone Soup version 0.31.0-12-g77e489cdc1 (webtiles) character file.

Game seed: 5638875814844365521

3 Chiseanne the Slasher (level 1, 0/14 HPs)
             Began as a Demonspawn Wanderer on Feb 17, 2024.
             Frozen to death by an endoplasm (4 damage)
             ... on level 1 of the Dungeon.
             The game lasted 00:00:14 (103 turns).

Chiseanne the Slasher (Demonspawn Wanderer)          Turns: 103, Time: 00:00:15

Health: 0/14       AC:  2    Str:  9    XL:     1   Next: 41%
Magic:  4/4        EV: 10    Int: 14    God:
Gold:   25         SH:  4    Dex: 13    Spells: 5/6 levels left

rFire   . . .        a - +2 falchion
rCold   . . .        b - +0 buckler
rNeg    . . .        d - +0 robe
rPois   .            (no helmet)
rElec   .            (no cloak)
rCorr   .            (no gloves)
SInv    .            (no boots)
Will    .....        (no amulet)
Stlth   +            (no ring)
HPRegen 0.22/turn    (no ring)
MPRegen 0.09/turn

%: no passive effects
@: no status effects
A: no striking features
a: no special abilities


You were on level 1 of the Dungeon.
You visited 1 branch of the dungeon, and saw 1 of its levels.

You collected 25 gold pieces.

Inventory:

Hand Weapons
 a - a +2 falchion (weapon)
Armour
 b - a +0 buckler (worn)
 d - a +0 robe (worn)
Potions
 c - a potion of curing


   Skills:
 * Level 0.3 Fighting
 - Level 3.6 Long Blades
 * Level 0.2 Dodging
 * Level 1.1 Shields
 - Level 3.0 Spellcasting
 - Level 1.0 Hexes
 - Level 1.0 Evocations


You had 5 spell levels left.
You knew the following spells:

 Your Spells              Type           Power      Damage    Failure   Level
a - Slow                  Hex            16%        N/A       22%         1

Your spell library contained the following spells:

 Spells                   Type           Power      Damage    Failure   Level
 Dazzling Flash           Conj/Hex       6%         N/A       61%         3


Dungeon Overview and Level Annotations

Branches:
Dungeon (1/15)

Altars:


Message History

No target in view!
No target in view!
A kobold comes into view. It is wielding a +0 whip.
An endoplasm comes into view.
The kobold shouts!
A ball python comes into view.
An endoplasm and a goblin come into view.
The ball python hisses angrily.
The goblin shouts!
The endoplasm quivers.
You completely miss the kobold. The kobold closely misses you. x2
You closely miss the kobold. The ball python closely misses you.
You block the ball python's attack. The kobold hits you but does no damage.
The ball python barely misses you. x2
The endoplasm quivers.
You hit the kobold.
The kobold is severely wounded.
The ball python barely misses you. x2; The kobold hits you with a +0 whip.
You hit the kobold.
You kill the kobold!
The ball python barely misses you. The ball python grabs you.
The ball python constricts you. The endoplasm hits you.
The ball python bites you. The ball python constricts you.
You are too injured to fight recklessly!
You are too injured to fight recklessly!
You are too injured to fight recklessly!
You are too injured to fight recklessly!
You are too injured to fight recklessly!
You are too injured to fight recklessly!
You are too injured to fight recklessly!
You escape the ball python's grasp.
The endoplasm attacks as it pursues you!
The endoplasm hits you.
* * * LOW HITPOINT WARNING * * *
You barely miss the endoplasm. The endoplasm hits you.
* * * LOW HITPOINT WARNING * * *
You hit the endoplasm.
The endoplasm is lightly wounded.
The endoplasm freezes you.
You are frozen.
You die...

...######.
...........
##..##
..........#
##..##
#..........#
##..#
#.......)..#
##.## #........#
#..# #.#.####J#
##.# #.#.##Sg.#
#.# #.#.##J###
#.####)#.#.@#
#####...##.#.#.##
..........#.#...#
########..#...###
........#...#
######.....##
#..##>.....
#..######## #..#


You could see 2 endoplasms, a goblin and a ball python.

Vanquished Creatures
  An endoplasm (D:1)
  2 kobolds (D:1)
3 creatures vanquished.

Notes
Turn   | Place    | Note
-------+----------+-------------------------------------------
     0 | D:1      | Chiseanne the Demonspawn Wanderer began the quest for the
                  | Orb.
     0 | D:1      | Chiseanne set off with the following items: a +2 falchion,
                  | a +0 buckler, a potion of curing, a +0 robe; and the
                  | following spell memorised: Slow; and the following spells
                  | available to memorise: Dazzling Flash.
     0 | D:1      | Reached XP level 1. HP: 13/13 MP: 4/4
   103 | D:1      | Frozen to death by an endoplasm

Illustrated notes

Levels and vault maps discovered:
D:1:      orjb1_lava_funnel, layout_basic, minmay_split_cup_small

Action                     || total
---------------------------++-------
  Melee: Falchion          ||    11
 Armour: Robe              ||     8
  Dodge: Dodged            ||     9
  Block: Buckler           ||     1
